 Dungeon Crawl Stone Soup version 0.20.1-1-g8b1a95d (webtiles) character file.

7813 Energizer the Carver (level 11, -9/90 HPs)
             Began as a Demonspawn Chaos Knight on July 22, 2017.
             Mangled by an orc warrior
             ... wielding a +0 glaive
              (19 damage)
             ... on level 9 of the Dungeon.
             The game lasted 00:48:36 (12915 turns).

Energizer the Carver (Demonspawn Chaos Knight)     Turns: 12915, Time: 00:48:37

Health: -9/90      AC: 17    Str: 19 (20) XL:     11   Next: 1%
Magic:  0/11       EV:  9    Int: 16      God:    Xom [*.....]
Gold:   440        SH:  0    Dex: 13      Spells: 10/10 levels left

rFire    + . .     SeeInvis .   b - +5 falchion
rCold    + . .     Gourm    .   (no shield)
rNeg     + + +     Faith    +   u - +1 plate armour
rPois    +         Spirit   +   (no helmet)
rElec    +         Reflect  .   (no cloak)
rCorr    .         Harm     .   (no gloves)
MR       .....                  h - +0 pair of boots
Stlth    ..........             E - amulet of faith
Regen    0.7/turn               v - +5 ring of strength
MPRegen  0.2/turn               d - ring of Afeoneki {rElec rPois rC+ rN+++ Stlth-}

@: no status effects
A: claws 2, rugged brown scales 2, camouflage 1, blurry vision 1, clever 1, fire
resistance 1, regeneration 1, electricity resistance, magic shield, rot immunity
a: Renounce Religion


You were on level 9 of the Dungeon.
You worshipped Xom.
You were a special plaything of Xom.
You were not hungry.

You visited 1 branch of the dungeon, and saw 9 of its levels.
You also visited: Sewer.

You collected 440 gold pieces.

Inventory:

Hand Weapons
 a - a +0 blowgun
 b - a +5 falchion (weapon)
Missiles
 j - 84 poisoned needles
 D - an exploding tomahawk
 I - 2 javelins of penetration (quivered)
Armour
 h - a +0 pair of boots (worn)
 u - a +1 plate armour (worn)
Jewellery
 d - the ring of Afeoneki (right claw) {rElec rPois rC+ rN+++ Stlth-}
   (Xom gifted it to you on level 1 of the Dungeon)

   [ring of protection from cold]

   It protects you from cold.
   It insulates you from electricity.
   It protects you from poison.
   It renders you almost immune to negative energy.
   It makes you less stealthy.
 v - a +5 ring of strength (left claw)
 E - an amulet of faith (around neck)
 N - an uncursed ring of ice {unknown}
 O - an uncursed ring of resist corrosion {unknown}
Wands
 f - a wand of digging (9/24)
 G - a wand of scattershot (6/9)
 M - a wand of lightning (9/15)
Scrolls
 e - a scroll of silence {unknown}
 i - 6 scrolls of teleportation
 k - 6 scrolls of remove curse
 m - 4 scrolls of identify
 t - 6 scrolls of fear
 w - 2 scrolls of enchant weapon
 y - a scroll of magic mapping {unknown}
 A - a scroll of torment {unknown}
 C - a scroll of summoning {unknown}
 F - 2 scrolls of recharging
 H - a scroll of blinking
 K - a scroll of fog {unknown}
Potions
 g - 2 potions of lignification
 n - 2 potions of might
 o - a potion of cancellation
 p - a potion of magic
 q - 11 potions of curing
 r - 5 potions of agility
 s - 3 potions of heal wounds
 B - a potion of brilliance
 J - a potion of berserk rage {unknown}
Comestibles
 c - 8 bread rations
 l - 6 meat rations
 x - 4 fruits
 z - 2 royal jellies
 L - 9 chunks of flesh


   Skills:
 + Level 8.1 Fighting
 * Level 10.1 Long Blades
 + Level 7.5 Armour
 + Level 7.0 Dodging


You had 10 spell levels left.
You didn't know any spells.

Dungeon Overview and Level Annotations

Branches:
Dungeon (9/15)             Temple (0/1) D:5             Orc (0/2) D:9
   Lair: D:8-11

Altars:
Ashenzari
Elyvilon
Gozag
Hepliaklqana
Makhleb
Ru
Trog
Vehumet
Xom
Zin
Beogh


Innate Abilities, Weirdness & Mutations

You have very sharp fingernails.
You are mostly covered in rugged brown scales. (AC +2, +5% HP)
When hurt, damage is shared between your health and your magic reserves.
You are immune to rotting.
Your skin changes colour to match your surroundings (Stealth+).
Scrolls take you a little longer to read.
Your mind is acute. (Int +2)
Your flesh is heat resistant. (rF+)
Your natural rate of healing is unusually fast.
You are resistant to electric shocks. (rElec)


Message History

The orc warrior hits you with a glaive.
You hit the orc warrior.
The orc warrior is moderately wounded.
You hit the orc warrior but do no damage.
The orc warrior is moderately wounded.
The orc warrior hits you with a glaive!
* * * LOW HITPOINT WARNING * * *
Some of the chunks of flesh in your inventory have rotted away.
You hit the orc warrior.
The orc warrior is moderately wounded.
The orc warrior hits you with a glaive!
* * * LOW HITPOINT WARNING * * *
You slash the orc warrior!
The orc warrior is severely wounded.
Your plate armour prevents you from hitting the orc warrior.
The orc warrior is severely wounded.
The orc warrior hits you with a glaive.
* * * LOW HITPOINT WARNING * * *
The orc warrior hits you from afar with a glaive!!
You die...

......#....................#.....
......#....................#.....
......#...###..#############.....
#######...###..##..#...........##
#................#...........#
#..>.............#...........#
#................#...........#
####.......######'##...........#
...#########...)@(.............#
...............))..............#
..............o................#
....................#############
..........).........#............
...o........).......#............
o...........####'####............
............#....................
............'......##...###.....#


You could see an orc warrior.

Vanquished Creatures
  A two-headed ogre (D:9)
  A hippogriff (D:9)
  13 yaks
  A wyvern (D:8)
  A swamp worm (D:8)
  7 orc warriors
  A necrophage (D:8)
  A tengu (D:8)
  2 ogres
  5 centaurs
  A big kobold (Sewer)
  3 bullfrogs
  7 scorpions
  A killer bee (D:5)
  7 wights (D:7)
  A crimson imp (D:7)
  6 howler monkeys
  3 bullfrog zombies
  A centaur zombie (D:9)
  A jelly (D:8)
  3 hounds
  3 bullfrog skeletons
  12 orc priests
  4 iguanas
  15 orc wizards
  8 worker ants
  A killer bee zombie (D:7)
  2 hound skeletons
  A worker ant zombie (D:7)
  4 gnolls (D:6)
  A howler monkey skeleton (D:5)
  14 adders
  3 river rats
  2 shadow imps
  2 oozes
  An adder skeleton (D:6)
  7 worms
  2 dart slugs (D:2)
  5 leopard geckos
  53 orcs
  10 bats
  11 giant cockroaches
  6 goblins
  9 hobgoblins
  16 jackals
  2 quokkas
  2 ball pythons
  5 frilled lizards
  17 kobolds
  A quokka skeleton (D:4)
  A quokka zombie (D:5)
  26 rats
313 creatures vanquished.

Vanquished Creatures (collateral kills)
  The ghost of letownia the Thaumaturge, a novice DDNe of Gozag (D:8)
  A centaur (D:6)
  A big kobold (Sewer)
  A scorpion (D:4)
  2 howler monkeys
  4 adders (Sewer)
  3 river rats (Sewer)
  A leopard gecko (D:4)
  2 ball pythons (Sewer)
  7 kobolds (Sewer)
  12 rats (Sewer)
35 creatures vanquished.

Vanquished Creatures (others)
  A scorpion (D:6)
  An orc priest (D:9)
  A hound (D:6)
  A worker ant (D:4)
  A river rat (D:5)
5 creatures vanquished.

Grand Total: 353 creatures vanquished

Notes
Turn   | Place    | Note
-------+----------+-------------------------------------------
     0 | D:1      | Energizer the Demonspawn Chaos Knight began the quest for the Orb.
     0 | D:1      | Reached XP level 1. HP: 18/18 MP: 1/1
    26 | D:1      | Reached skill level 1 in Dodging
   140 | D:1      | Gained mutation: You have sharp fingernails. [demonic ancestry]
   140 | D:1      | Reached XP level 2. HP: 24/24 MP: 2/2
   179 | D:1      | Reached skill level 3 in Long Blades
   435 | D:1      | Found a shattered altar of Ashenzari.
   598 | D:1      | XOM: harmless Chrm miscast
   640 | D:1      | XOM: mild Tloc miscast
   665 | D:1      | XOM: god gift: wavering platinum ring {god gift}
   666 | D:1      | Got a wavering platinum ring {god gift}
   667 | D:1      | Identified the ring of Afeoneki {rElec rPois rC+ rN+++ Stlth-} (Xom gifted it to you on level 1 of the Dungeon)
   780 | D:1      | Gained mutation: You have very sharp fingernails. [demonic ancestry]
   780 | D:1      | Reached XP level 3. HP: 25/29 MP: 3/3
   863 | D:2      | XOM: noise
   912 | D:2      | XOM: butterfly on damage
   979 | D:1      | XOM: god gift: leather armour {god gift}
  1302 | D:2      | XOM: scenery: create altars
  1354 | D:2      | Found a faded altar of an unknown god.
  1481 | D:2      | XOM: snakes to sticks
  1595 | D:2      | Found a white marble altar of Elyvilon.
  1674 | D:2      | Reached XP level 4. HP: 27/35 MP: 4/4
  1726 | D:2      | XOM: give mutation
  1726 | D:2      | Gained mutation: Your spells are a little harder to cast, but a little more powerful. [Xom's grace]
  1843 | D:3      | XOM: 4-stop teleportation journey
  1844 | D:3      | XOM: give mutations
  1844 | D:3      | Gained mutation: You are resistant to electric shocks. (rElec) [Xom's grace]
  1844 | D:3      | Gained mutation: You have sharp toenails. [Xom's grace]
  1844 | D:3      | Gained mutation: You are agile. (Dex +2) [Xom's grace]
  1975 | D:3      | XOM: cloud trail
  2100 | D:3      | XOM: 6-stop teleportation journey
  2155 | D:3      | XOM: polymorph orc wizard -> howler monkey
  2156 | D:3      | XOM: scenery: create altars
  2338 | D:3      | XOM: scenery: create altars
  2347 | D:3      | XOM: god gift: glowing scimitar {god gift}
  2401 | D:3      | Gained mutation: You are immune to rotting. [demonic ancestry]
  2401 | D:3      | Reached XP level 5. HP: 37/41 MP: 5/5
  2434 | D:3      | XOM: mild Tmut miscast
  2648 | D:3      | XOM: summons 3 hostile shadow creatures
  2822 | D:4      | XOM: cast spell 'Summon Dragon'
  2823 | D:4      | Reached skill level 4 in Long Blades
  3129 | D:4      | XOM: harmless Necr miscast
  3245 | D:4      | Noticed an ogre
  3254 | D:4      | Killed an ogre
  3254 | D:4      | Reached XP level 6. HP: 34/48 MP: 6/6
  3269 | D:4      | XOM: divine lightning
  3481 | D:5      | Entered Level 5 of the Dungeon
  3604 | D:5      | XOM: cloud trail
  3632 | D:5      | XOM is BORED!
  3632 | D:5      | XOM: mild Pois miscast
  3675 | D:5      | XOM: mild Fire miscast
  3695 | D:5      | XOM: destruction
  3981 | D:5      | Found a glowing drain.
  3989 | Sewer    | Entered a sewer
  4097 | Sewer    | XOM: divination: detect creatures
  4133 | Sewer    | Reached XP level 7. HP: 46/54 MP: 7/7
  4246 | Sewer    | Reached skill level 5 in Long Blades
  4417 | Sewer    | XOM: god gift: 7 bolts
  4872 | D:5      | XOM: polymorph iguana -> killer bee
  4968 | D:5      | Found a staircase to the Ecumenical Temple.
  5215 | D:5      | XOM: god gift: amethyst potion {god gift}
  5312 | D:6      | XOM: polymorph scorpion -> hound
  5325 | D:6      | XOM: destruction
  5457 | D:6      | XOM: cloud trail
  5601 | D:6      | XOM: scenery: 1 doors open, 2 doors close
  5679 | D:6      | XOM: summons friendly ice devil
  5684 | D:6      | Gained mutation: You are partially covered in rugged brown scales. (AC +1, +3% HP) [demonic ancestry]
  5684 | D:6      | Reached XP level 8. HP: 38/62 MP: 8/8
  5923 | D:6      | Reached skill level 5 in Fighting
  5923 | D:6      | Reached skill level 6 in Long Blades
  5948 | D:6      | XOM: give mutations
  5948 | D:6      | Gained mutation: You are covered in fur. (AC +1) [Xom's grace]
  5948 | D:6      | Gained mutation: Your skin changes colour to match your surroundings (Stealth+). [Xom's grace]
  5948 | D:6      | Gained mutation: You are very agile. (Dex +4) [Xom's grace]
  5948 | D:6      | Gained mutation: Your mind is acute. (Int +2) [Xom's grace]
  6597 | D:7      | Found a hazy altar of Hepliaklqana.
  6627 | D:7      | XOM: enchant monster (good)
  6695 | D:7      | XOM: harmless Tmut miscast
  6783 | D:7      | XOM: divination: magic mapping
  6825 | D:7      | Found an opulent altar of Gozag.
  6825 | D:7      | Found a glowing silver altar of Zin.
  6879 | D:7      | Reached skill level 5 in Armour
  6917 | D:7      | XOM: harmless Summ miscast
  7204 | D:7      | XOM: enchant monster (good)
  7412 | D:7      | XOM: mild Tmut miscast
  7589 | D:7      | Found a burning altar of Makhleb.
  7589 | D:7      | Noticed an Executioner
  7592 | D:7      | Noticed a hellwing
  7592 | D:7      | Noticed a smoke demon
  7659 | D:7      | XOM: noise
  7696 | D:7      | XOM: confuse monster(s)
  7702 | D:7      | Reached skill level 7 in Long Blades
  7814 | D:7      | XOM: confusion (+ monsters)
  7823 | D:7      | Reached XP level 9. HP: 69/71 MP: 9/9
  7874 | D:7      | Lost mutation: Your mind is acute. (Int +2) [potion of mutation]
  7874 | D:7      | Lost mutation: You have sharp toenails. [potion of mutation]
  7874 | D:7      | Gained mutation: You are somewhat resistant to further mutation. [potion of mutation]
  7874 | D:7      | Gained mutation: Your magical capacity is low. (-10% MP) [potion of mutation]
  7874 | D:7      | Gained mutation: You have a pair of small antennae on your head. [potion of mutation]
  7875 | D:7      | Lost mutation: Your magical capacity is low. (-10% MP) [potion of mutation]
  7875 | D:7      | Lost mutation: Your spells are a little harder to cast, but a little more powerful. [potion of mutation]
  7875 | D:7      | Lost mutation: You have a pair of small antennae on your head. [potion of mutation]
  7875 | D:7      | Lost mutation: You are very agile. (Dex +4) [potion of mutation]
  7875 | D:7      | Lost mutation: You are somewhat resistant to further mutation. [potion of mutation]
  7875 | D:7      | Gained mutation: Your natural rate of healing is unusually fast. [potion of mutation]
  7875 | D:7      | Gained mutation: You passively map a small area around you. [potion of mutation]
  7875 | D:7      | Gained mutation: Your spells are a little harder to cast, but a little more powerful. [potion of mutation]
  7876 | D:7      | Lost mutation: You are agile. (Dex +2) [potion of mutation]
  7876 | D:7      | Lost mutation: Your spells are a little harder to cast, but a little more powerful. [potion of mutation]
  7876 | D:7      | Lost mutation: You passively map a small area around you. [potion of mutation]
  7876 | D:7      | Gained mutation: Your flesh is heat resistant. (rF+) [potion of mutation]
  8126 | D:7      | Reached skill level 5 in Dodging
  8353 | D:8      | Found a radiant altar of Vehumet.
  8354 | D:8      | Found a shattered altar of Ashenzari.
  8467 | D:8      | Found a sacrificial altar of Ru.
  8467 | D:8      | XOM: 8-stop teleportation journey
  8615 | D:8      | XOM: cast spell 'Cause Fear'
  9064 | D:8      | XOM: cloud trail
  9184 | D:8      | XOM: god gift: ring mail {god gift}
  9353 | D:8      | Noticed letownia's ghost (novice DDNe)
  9359 | D:8      | XOM: noise
  9378 | D:8      | XOM: confuse monster(s)
  9382 | D:8      | XOM: confuse monster(s)
  9394 | D:8      | XOM: swap monsters
  9404 | D:8      | XOM: noise
  9428 | D:8      | XOM: cast spell 'Call Canine Familiar'
  9435 | D:8      | XOM: summons 4 hostile demons
  9445 | D:8      | Killed letownia's ghost
  9445 | D:8      | Reached skill level 8 in Long Blades
  9738 | D:8      | XOM: give mutation
  9738 | D:8      | Gained mutation: Scrolls take you a little longer to read. [Xom's mischief]
  9888 | D:9      | XOM is BORED!
  9888 | D:9      | XOM: mild Necr miscast
  9919 | D:9      | XOM: enchant monster (good)
  9920 | D:9      | XOM: harmless Necr miscast
 10057 | D:9      | XOM: destruction
 10065 | D:9      | Gained mutation: You are mostly covered in rugged brown scales. (AC +2, +5% HP) [demonic ancestry]
 10065 | D:9      | Reached XP level 10. HP: 74/82 MP: 10/10
 10071 | D:9      | XOM: medium Ice miscast
 10155 | D:8      | XOM: polymorph orc warrior -> tengu
 10280 | D:9      | Found a roughly hewn altar of Beogh.
 10280 | D:9      | Found a staircase to the Orcish Mines.
 10287 | D:9      | XOM: divination: magic mapping
 10332 | D:9      | XOM: smoke on damage
 10338 | D:8      | XOM: polymorph orc warrior -> wyvern
 10340 | D:8      | XOM: blink monster(s)
 10348 | D:8      | XOM: summons friendly quasit
 10359 | D:8      | XOM: enchant monster (bad)
 10382 | D:8      | XOM: smoke on damage
 10401 | D:8      | XOM: chaos upgrade
 10427 | D:8      | XOM: silly message
 10537 | D:8      | XOM: scenery: create altars
 10621 | D:9      | XOM: enchant monster (good)
 10634 | D:9      | XOM: 8-stop teleportation journey
 10650 | D:9      | Reached skill level 9 in Long Blades
 10765 | D:9      | Noticed a two-headed ogre
 10772 | D:9      | XOM: potion effect (agility)
 10775 | D:9      | XOM: summons friendly crimson imp
 10780 | D:9      | XOM: confuse monster(s)
 10816 | D:9      | Killed a two-headed ogre
 10894 | D:9      | XOM: scenery: create altars
 10964 | D:9      | XOM: summons 2 hostile demons
 10977 | D:9      | XOM: silly message
 11013 | D:8      | XOM: give mutations
 11013 | D:8      | Lost mutation: You are covered in fur. (AC +1) [Xom's mischief]
 11013 | D:8      | Gained mutation: Your mind is acute. (Int +2) [Xom's mischief]
 11106 | D:9      | Noticed a two-headed ogre
 11109 | D:9      | XOM: noise
 11115 | D:9      | XOM: summons 1 hostile demon
 11120 | D:9      | XOM: chaos upgrade
 11135 | D:8      | XOM: divination: detect creatures
 11139 | D:8      | XOM: summons friendly shadow imp
 11148 | D:8      | XOM: cast spell 'Cause Fear'
 11494 | D:4      | XOM: medium Hex miscast
 11634 | D:8      | XOM: summons friendly quasit
 11638 | D:8      | XOM: smoke on damage
 11652 | D:8      | XOM: summons friendly shadow imp
 11659 | D:8      | XOM: cast spell 'Summon Ice Beast'
 11667 | D:8      | XOM: potion effect (might)
 11676 | D:8      | XOM: confuse monster(s)
 11770 | D:7      | XOM: silly message
 11883 | D:8      | XOM: noise
 11894 | D:8      | XOM: smoke on damage
 12070 | D:8      | XOM: silly message
 12084 | D:8      | XOM: potion effect (invisibility)
 12086 | D:8      | XOM: cast spell 'Cause Fear'
 12089 | D:8      | a two-headed ogre changed into a swamp worm
 12089 | D:8      | XOM: polymorph two-headed ogre -> swamp worm
 12090 | D:8      | XOM: noise
 12382 | D:9      | XOM: silly message
 12414 | D:9      | XOM: confuse monster(s)
 12415 | D:9      | XOM: enchant monster (good)
 12451 | D:9      | Found a bloodstained altar of Trog.
 12458 | D:9      | XOM: cleaving
 12511 | D:9      | XOM: confusion
 12519 | D:9      | Reached skill level 10 in Long Blades
 12672 | D:9      | XOM: noise
 12680 | D:9      | XOM: scenery: 1 doors close
 12811 | D:9      | XOM: stat loss: -1 Str (19/20)
 12827 | D:9      | Gained mutation: When hurt, damage is shared between your health and your magic reserves. [demonic ancestry]
 12827 | D:9      | Reached XP level 11. HP: 60/90 MP: 11/11
 12902 | D:9      | XOM: noise
 12915 | D:9      | Mangled by an orc warrior

Skill      XL: |  1  2  3  4  5  6  7  8  9 10 |
---------------+-------------------------------+-----
Dodging        | 1 2 3 4 5 7 |  7.0
Armour         | 2 3 4 5 6 7 |  7.5
Long Blades    | 3 4 5 7 8 10 | 10.1
Fighting       | 4 6 7 8 |  8.1

Action                   |  1- 3 |  4- 6 |  7- 9 | 10-12 || total
-------------------------+-------+-------+-------+-------++-------
Melee: Falchion          |   141 |    28 |       |   362 ||   531
       Long sword        |       |   236 |   675 |    24 ||   935
 Fire: Blowgun           |       |       |       |    21 ||    21
  Use: Scroll            |       |    10 |     8 |     3 ||    21
       Potion            |       |       |     3 |       ||     3
 Stab: Paralysed         |     3 |       |       |       ||     3
       Petrified         |       |       |     3 |       ||     3
       Confused          |       |       |     5 |     2 ||     7
       Invisible         |       |       |       |     1 ||     1
  Eat: Chunk             |     3 |     8 |    20 |    10 ||    41
Armor: Leather armour    |    45 |     8 |       |       ||    53
       Plate armour      |       |   223 |   545 |   228 ||   996
Dodge: Dodged            |    81 |    65 |   310 |   163 ||   619
       Rpst.: Falchion   |    27 |     4 |       |    48 ||    79
       Long sword        |       |    17 |    83 |     2 ||   102
